AoeStats
← Bandolero

Golden Pit

508346473Analyzed
1v1 RM · 9d ago on Sep 22, 2026· 38m 1s· 2 players
Game mode
Random Map
Map size
Tiny (2 player)
Population
200
Speed
Normal
Resources
Standard
Victory
Conquest
Starting age
Dark Age
Ending age
Imperial Age
RankedLock teamsTeams togetherTeam positionsShared explorationLock speedFull tech treeHidden civsTurbo modeCheats
Victory
Defeat
🇳🇿 Sicilians · New Zealand
1350
+16
🇦🇷 Slavs · Argentina
1350
-16
Moist Mango
10:35 Feudal Age
12:11 Double-Bit Axe
13:12 Loom
13:24 Stone Mining
14:43 Horse Collar
15:18 Scale Mail Armor
15:59 Forging
17:45 Gold Mining
24:49 Castle Age
22:48 Arson
23:28 Fletching
26:30 Bodkin Arrow
26:14 Pikeman
27:39 Squires
28:37 Wheelbarrow
28:36 Chain Mail Armor
29:44 Heavy Plow
30:15 Ballistics
31:12 Iron Casting
31:36 Bow Saw
32:01 Masonry
32:35 Gold Shaft Mining
32:38 Stone Shaft Mining
33:51 Hand Cart
36:23 Murder Holes
40:28 Imperial Age
Bandolero
11:54 Feudal Age
16:42 Castle Age
14:39 Double-Bit Axe
17:34 Loom
19:11 Scale Barding Armor
19:50 Stone Mining
24:06 Town Watch
31:32 Gold Mining
32:56 Forging
33:41 Bloodlines
36:44 Chain Barding Armor
Connection lost

Rejoining the realm…

Still unreachable

The connection could not be restored.

Session expired

The server has moved on; the page needs a fresh start.